 Dungeon Crawl Stone Soup version 0.20.0-15-g7f486f2 (webtiles) character file.

139 JarielCorvus the Magician (level 5, -1/28 HPs)
             Began as a Deep Elf Wizard on June 23, 2017.
             Slain by a crimson imp
             ... wielding a +2 dagger of chaos
              (9 damage)
             ... on level 3 of the Dungeon.
             The game lasted 00:05:38 (3120 turns).

JarielCorvus the Magician (Deep Elf Wizard)         Turns: 3120, Time: 00:05:40

Health: -1/28      AC:  5    Str:  4    XL:     5   Next: 1%
Magic:  8/16       EV: 12    Int: 24    God:
Gold:   95         SH:  0    Dex: 13    Spells: 7/18 levels left

rFire    . . .     SeeInvis .   o - +1 dagger (flame)
rCold    . . .     Gourm    .   (no shield)
rNeg     . . .     Faith    .   a - +0 robe
rPois    .         Spirit   .   b - +0 hat
rElec    .         Reflect  .   g - +2 cloak
rCorr    .         Harm     .   (no gloves)
MR       .....                  (no boots)
Stlth    ++........             e - amulet of inaccuracy (curse)
Regen    0.1/turn               (no ring)
MPRegen  0.2/turn               (no ring)

@: drained
A: no striking features
a: no special abilities


You were on level 3 of the Dungeon.
You were hungry.

You visited 1 branch of the dungeon, and saw 3 of its levels.

You collected 95 gold pieces.

Inventory:

Hand Weapons
 f - a +0 short sword
 o - a +1 dagger of flaming (weapon)
Armour
 a - a +0 robe (worn)
 b - a +0 hat (worn)
 g - a +2 cloak (worn)
Jewellery
 e - a cursed amulet of inaccuracy (around neck)
Wands
 s - a wand of acid (9/15)
 t - a wand of random effects (18/48)
Scrolls
 l - 2 scrolls of teleportation
 n - a scroll of identify
 p - a scroll of immolation {unknown}
 r - a scroll of magic mapping
Potions
 i - a potion of flight
 k - a potion of curing {unknown}
Books
 c - a book of Minor Magic

   Spells                             Type                      Level
   a - Magic Dart                     Conjuration                  1
   b - Blink                          Translocation                2
   c - Call Imp                       Summoning                    2
   d - Slow                           Hexes                        2
   e - Conjure Flame                  Conjuration/Fire             3
   f - Mephitic Cloud                 Conjuration/Poison/Air       3
Comestibles
 d - 4 bread rations
 j - a meat ration
 m - a fruit


   Skills:
 - Level 2.4(2.2) Dodging
 - Level 2.4(2.2) Stealth
 * Level 7.0(6.7) Spellcasting
 + Level 2.9(2.7) Conjurations
 - Level 1.1(0.8) Summonings
 - Level 1.1(0.8) Translocations


You had 7 spell levels left.
You knew the following spells:

 Your Spells              Type           Power        Failure   Level  Hunger
a - Magic Dart            Conj           ###.         2%          1    None
b - Blink                 Tloc           N/A          8%          2    None
c - Call Imp              Summ           ##......     8%          2    None
d - Conjure Flame         Conj/Fire      ##......     12%         3    None
e - Mephitic Cloud        Conj/Pois/Air  ##......     16%         3    None


Dungeon Overview and Level Annotations

Branches:
Dungeon (3/15)

Altars:
Sif Muna
Xom


Message History

The crimson imp summons a swarm of flies.
The crimson imp closely misses you.
You barely miss the crimson imp.
The crimson imp is lightly wounded.
The crimson imp blinks!
The crimson imp hits you with a dagger of chaos.
The crimson imp hits you but does no damage.
You miss the crimson imp.
The crimson imp is lightly wounded.
The crimson imp puffs mist at you. The crimson imp barely misses you.
The crimson imp completely misses you.
You closely miss the crimson imp.
The crimson imp blinks!
The crimson imp hits you but does no damage.
The crimson imp barely misses you.
You completely miss the crimson imp.
The crimson imp shouts, "Embrace thy fall, thou lumpish clapper-clawed mish-mash!"
The crimson imp hits you with a dagger of chaos.
* * * LOW HITPOINT WARNING * * *
You are electrocuted!
You die...

.......)..)..)...#
..........†###...##
...........# #5#.....#
.......†...###(#####.#
............##..#
.............##.##
.............###5# .#
.........## #5# .#
######.## #@# #..# #5#
#.## #.# ##.# #.# #..#
#.# ## #.## #.# .#
##.# #.# .######..#
#.#
........########.###


You could see 4 crimson imps.

Vanquished Creatures
  Jessica (D:3)
  The ghost of koelner the Stinger, a weakling DsVM (D:3)
  Robin (D:3)
  2 adders
  An ooze (D:2)
  A dart slug (D:1)
  2 leopard geckos
  2 orcs (D:3)
  4 bats
  3 giant cockroaches
  10 goblins
  10 hobgoblins
  10 kobolds
  3 quokkas (D:3)
  3 ball pythons (D:1)
  6 frilled lizards
  5 rats
65 creatures vanquished.

Notes
Turn   | Place    | Note
-------+----------+-------------------------------------------
     0 | D:1      | JarielCorvus the Deep Elf Wizard began the quest for the Orb.
     0 | D:1      | Reached XP level 1. HP: 10/10 MP: 7/7
   412 | D:1      | Reached skill level 5 in Spellcasting
   412 | D:1      | Reached XP level 2. HP: 15/15 MP: 0/10
   493 | D:1      | Learned a level 2 spell: Blink
   496 | D:1      | Learned a level 2 spell: Call Imp
  1244 | D:1      | Reached XP level 3. HP: 19/19 MP: 8/12
  1317 | D:1      | Learned a level 3 spell: Conjure Flame
  1321 | D:1      | Learned a level 3 spell: Mephitic Cloud
  2281 | D:3      | Noticed koelner's ghost (weakling DsVM)
  2290 | D:3      | Killed koelner's ghost
  2290 | D:3      | Reached skill level 6 in Spellcasting
  2507 | D:3      | Found a deep blue altar of Sif Muna.
  2598 | D:3      | Reached XP level 4. HP: 24/24 MP: 4/14
  2604 | D:3      | Noticed Robin
  2795 | D:3      | Noticed Jessica
  2801 | D:3      | Killed Jessica
  2857 | D:3      | Killed Robin
  2968 | D:3      | Reached XP level 5. HP: 28/28 MP: 6/16
  2969 | D:3      | Reached skill level 7 in Spellcasting
  3035 | D:3      | Found a shimmering altar of Xom.
  3120 | D:3      | Slain by a crimson imp

Skill      XL: |  1  2  3  4  5 |
---------------+----------------+-----
Spellcasting   | 5 6 7 |  7.0
Conjurations   | 2 |  2.9
Dodging        | |  2.4
Stealth        | |  2.4
Summonings     | |  1.1
Translocations | |  1.1

Action                   |  1- 3 |  4- 6 || total
-------------------------+-------+-------++-------
Melee: Dagger            |       |    52 ||    52
 Cast: Magic Dart        |    94 |    56 ||   150
       Call Imp          |     3 |       ||     3
       Conjure Flame     |       |     1 ||     1
  Use: Scroll            |     3 |       ||     3
       Potion            |     3 |     1 ||     4
  Eat: Chunk             |     4 |     2 ||     6
Armor: Robe              |     3 |    27 ||    30
Dodge: Dodged            |    13 |    43 ||    56
